 Dungeon Crawl Stone Soup version 0.28.0-45-g0d030f2227 (webtiles) character file.

Game seed: 15151577885862101490

42294 101zpm the Fighter (level 14, -2/88 HPs)
             Began as a Gargoyle Fighter on Apr 10, 2022.
             Was an Elder of the Shining One.
             Constricted to death by Jorgrun (8 damage)
             ... on level 13 of the Dungeon.
             The game lasted 01:26:44 (34382 turns).

101zpm the Fighter (Gargoyle Fighter)              Turns: 34382, Time: 01:26:44

Health: -2/88      AC: 22    Str: 27    XL:     14   Next: 19%
Magic:  14/14      EV: 18    Int: 10    God:    the Shining One [****..]
Gold:   1461       SH: 17    Dex: 18    Spells: 13/13 levels left

rFire   . . .      SeeInvis .   y - +9 mace of Distraction {vorpal, Str+3}
rCold   + . .      Faith    .   S - +0 tower shield {rC+}
rNeg    + + +      Spirit   .   q - +2 leather armour "Ako Rurr" {Contam rN+ Dex+9 Slay+4}
rPois   ∞          Reflect  .   Z - +2 hat
rElec   +          Harm     .   R - +0 cloak
rCorr   .          Rampage  .   (no gloves)
Will    +....                   K - +2 pair of boots {Fly}
Stlth   +.........              (no amulet)
HPRegen 0.24/turn               D - +4 ring of evasion
MPRegen 0.14/turn               T - +4 ring of evasion

@: grasped by roots, flying, glowing, constricted
A: sickness immunity, AC +10, big wings, negative energy resistance 1,
electricity resistance, torment resistance 1, petrification resistance
a: Renounce Religion, Divine Shield, Cleansing Flame


You were on level 13 of the Dungeon.
You worshipped the Shining One.
The Shining One was greatly pleased with you.
You visited 5 branches of the dungeon, and saw 18 of its levels.
You visited 1 bazaar.
You also visited: Sewer, Bailey and Ice Cave.

You collected 1869 gold pieces.
You spent 408 gold pieces at shops.

Inventory:

Hand Weapons
 i - the +7 falchion of Muyc {venom, Int+3}
   (You bought it in a shop in a bazaar)

   It poisons the flesh of those it strikes.
   Int:       It affects your intelligence (+3).
 y - the +9 mace of Distraction (weapon) {vorpal, Str+3}
   (You bought it in a shop in a bazaar)

   It inflicts extra damage upon your enemies.
   Str:       It affects your strength (+3).
 J - the +11 lajatang "Caruxtewu" {protect, rC+ Str+3 Int+4}
   (You found it on level 12 of the Dungeon)

   It grants its wielder temporary protection when it strikes (+7 to AC).
   Str:       It affects your strength (+3).
   Int:       It affects your intelligence (+4).
   rC:        It protects you from cold.
 V - a +6 spear of flaming
Missiles
 p - 508 stones
 t - 14 boomerangs
 C - 148 sling bullets
 E - 29 poisoned darts
 F - 2 curare-tipped darts
 H - 2 atropa-tipped darts (quivered)
 L - 2 throwing nets
Armour
 b - a +2 scale mail of cold resistance
 q - the +2 leather armour "Ako Rurr" (worn) {Contam rN+ Dex+9 Slay+4}
   (You found it on level 3 of the Dungeon)

   Dex:       It affects your dexterity (+9).
   Slay:      It affects your accuracy & damage with ranged weapons and melee
   (+4).
   rN:        It protects you from negative energy.
   Contam:    It causes magical contamination when unequipped.
 u - a +1 chain mail of positive energy
 K - a +2 pair of boots of flying (worn)
 R - a +0 cloak (worn)
 S - a +0 tower shield of cold resistance (worn)
 Z - a +2 hat (worn)
Jewellery
 e - a ring of ice
 z - a ring of ice
 D - a +4 ring of evasion (left hand)
 T - a +4 ring of evasion (right hand)
 U - a ring of willpower
Wands
 g - a wand of charming (4)
 r - a wand of iceblast (21)
 Q - a wand of paralysis (15)
 X - a wand of digging (7)
Scrolls
 c - 2 scrolls of identify
 f - 2 scrolls of teleportation {unknown}
 j - 4 scrolls of fear
 s - a scroll of holy word {unknown}
 w - a scroll of fog {unknown}
 x - 2 scrolls of enchant armour
 A - 3 scrolls of brand weapon
 B - 4 scrolls of blinking
 O - a scroll of enchant weapon {unknown}
 W - a scroll of silence {unknown}
Potions
 a - a potion of ambrosia {unknown}
 d - 6 potions of might
 h - 9 potions of curing
 k - 4 potions of lignification
 l - a potion of brilliance {unknown}
 m - 4 potions of invisibility
 n - 2 potions of magic
 o - 7 potions of heal wounds
 v - a potion of berserk rage {unknown}
 G - 2 potions of degeneration
 M - a potion of attraction {unknown}
 N - a potion of cancellation {unknown}
 P - 4 potions of haste
Miscellaneous
 I - a lightning rod (4/4)


   Skills:
 + Level 10.8 Fighting
 + Level 6.3(10.7) Axes
 + Level 9.6(10.6) Maces & Flails
 + Level 10.2(11.0) Polearms
 + Level 5.8 Throwing
 + Level 6.9 Armour
 + Level 7.4 Dodging
 + Level 5.2 Stealth
 + Level 10.5 Shields
 + Level 0.2 Invocations
 + Level 1.8 Evocations


You had 13 spell levels left.
You didn't know any spells.
Your spell library contained the following spells:

 Spells                   Type           Power      Damage    Failure   Level
 Animate Skeleton         Necr           0%         N/A       94%         1
 Apportation              Tloc           0%         N/A       94%         1
 Summon Small Mammal      Summ           0%         N/A       94%         1
 Scorch                   Fire           0%         2d5       98%         2
 Dazzling Flash           Conj/Hex       0%         N/A       100%        3
 Frozen Ramparts          Ice            0%         1d2       100%        3
 Ignite Poison            Fire/Tmut/Pois 0%         N/A       100%        3
 Mephitic Cloud           Conj/Pois/Air  0%         N/A       100%        3
 Airstrike                Air            0%         N/A       100%        4
 Animate Armour           Summ/Erth      0%         N/A       100%        4
 Flame Wave               Conj/Fire      0%         2d4       100%        4
 Ice Form                 Ice/Tmut       0%         N/A       100%        4
 Summon Ice Beast         Ice/Summ       0%         N/A       100%        4
 Summon Lightning Spire   Summ/Air       0%         N/A       100%        4
 Agony                    Necr           0%         N/A       100%        5
 Blade Hands              Tmut           0%         N/A       100%        5
 Freezing Cloud           Conj/Ice/Air   0%         6-21      100%        5
 Irradiate                Conj/Tmut      0%         3d14      100%        5
 Lightning Bolt           Conj/Air       0%         1d11      100%        5
 Silence                  Hex/Air        0%         N/A       100%        5
 Iron Shot                Conj/Erth      0%         9d1       100%        6
 Summon Cactus Giant      Summ           0%         N/A       100%        6
 Dragon Form              Tmut           0%         N/A       100%        7


Dungeon Overview and Level Annotations

Branches:
Dungeon (13/15)            Temple (1/1) D:5            Lair (1/6) D:11
    Orc (2/2) D:9             Elf (1/3) Orc:2         Sewer (visited)
 Bailey (visited)           IceCv (visited)
 Vaults: D:13-14

Altars:
Ashenzari
Cheibriados
Dithmenos
Elyvilon
Fedhas
Gozag
Hepliaklqana
Kikubaaqudgha
Makhleb
Nemelex Xobeh
Okawaru
Qazlal
Ru
Sif Muna
Trog
Uskayaw
Vehumet
Wu Jian
Xom
Yredelemnul
Zin
The Shining One
Beogh

Shops:
D:1 =   D:4 !*   Orc:2 [?(=

Portals:
Abyss: D:5

Annotations:
D:5 2 transporters, DearestLeader's ghost, amateur DDNe
D:13 Jorgrun
Orc:1 3 runed translucent doors, kelmiir's ghost, journeyman DrEE


Innate Abilities, Weirdness & Mutations

You are immune to sickness and miasma.
Your stone body is resilient. (AC +10)
You are immune to poison.
Your large and strong wings let you fly.
You resist negative energy. (rN+)
You are resistant to electric shocks. (rElec)
You are resistant to unholy torment.
You are immune to petrification.


Message History

You are too injured to fight recklessly!
You are too injured to fight recklessly!
You are too injured to fight recklessly!
You are too injured to fight recklessly!
You are too injured to fight recklessly!
You are too injured to fight recklessly!
You are too injured to fight recklessly!
You are too injured to fight recklessly!
You are too injured to fight recklessly!
You are too injured to fight recklessly!
You are too injured to fight recklessly!
You are too injured to fight recklessly!
You are too injured to fight recklessly!
You are too injured to fight recklessly!
You are too injured to fight recklessly!
You closely miss Jorgrun.
Jorgrun is heavily wounded.
You block Jorgrun's attack. The grasping roots constrict you.
You sock Jorgrun!
Jorgrun is heavily wounded.
Jorgrun hits you but does no damage. The grasping roots constrict you.
You thump Jorgrun!
Jorgrun is severely wounded.
You block Jorgrun's attack. The grasping roots constrict you.
You completely miss Jorgrun.
Jorgrun is severely wounded.
You block Jorgrun's attack. The grasping roots constrict you!
* * * LOW HITPOINT WARNING * * *
You thump Jorgrun!
Jorgrun is severely wounded.
Jorgrun gestures next to you while chanting.
The wall shatters!
The blast of rock fragments hits you but does no damage.
The grasping roots constrict you.
* * * LOW HITPOINT WARNING * * *
Jorgrun hits you with a +0 vorpal quarterstaff!
The Shining One protects you from harm!
* * * LOW HITPOINT WARNING * * *
The grasping roots constrict you!
You die...

##..#(.##...#
#.....## .#.#
#.###.###.#.# #.#
#.##....# #
#..##....#..##.#
........#......?.#
#####.##......####
#.#.###.### # #
#@# #g# ..# ##.#
#.# #.# ..# #.#


You could see Jorgrun.

Vanquished Creatures
  Harold (D:9)
  Fannar (D:12)
  2 ironbound frosthearts (IceCv)
  2 death yaks (IceCv)
  A tengu warrior (D:12)
  5 two-headed ogres
  3 orc high priests
  5 orc knights
  3 cyclopes
  An ugly thing (IceCv)
  3 centaur zombies (D:11)
  5 orc sorcerers
  A black mamba (Lair:1)
  An ice statue (IceCv)
  2 cane toads (Lair:1)
  6 gargoyles
  An unseen horror (D:12)
  3 komodo dragons
  2 rime drakes (Lair:1)
  10 polar bears (IceCv)
  5 trolls
  A slime creature (D:12)
  3 blink frogs (D:11)
  A shadow (D:12)
  49 yaks
  2 wraiths
  6 wargs (Orc:1)
  2 steam dragons
  Edmund (D:6)
  5 water moccasins
  2 acid dragons
  Pargi (D:3)
  23 orc warriors
  A sky beast (D:7)
  3 black bears
  2 centaurs (D:10)
  17 wolves
  2 necrophages
  15 ogres
  7 kobold brigands
  4 gnoll sergeants (D:9)
  A wyvern zombie (D:5)
  5 bullfrogs
  2 scorpions
  A water moccasin skeleton (D:6)
  7 killer bees
  2 wights
  An electric eel (D:6)
  8 howler monkeys
  A bullfrog zombie (D:5)
  2 bullfrog skeletons
  17 orc priests
  2 hounds
  Ijyb (D:3)
  An iguana (D:4)
  Jessica (D:3)
  A gnoll shaman (D:8)
  15 orc wizards
  2 killer bee zombies
  2 mummies (D:11)
  A howler monkey zombie (D:10)
  15 gnolls
  A howler monkey skeleton (D:7)
  7 adders
  An ufetubus (D:5)
  A worm (D:6)
  3 dart slugs
  82 orcs
  12 ball pythons
  6 endoplasms
  4 giant cockroaches
  14 goblins
  7 hobgoblins
  7 jackals
  31 kobolds
  7 quokkas
  7 bats
  4 frilled lizards
  8 rats
500 creatures vanquished.

Vanquished Creatures (others)
  An orc priest (Orc:2)
  2 orc wizards
  3 fungi
  11 plants
17 creatures vanquished.

Grand Total: 517 creatures vanquished

Notes
Turn   | Place    | Note
-------+----------+-------------------------------------------
     0 | D:1      | 101zpm the Gargoyle Fighter began the quest for the Orb.
     0 | D:1      | Reached XP level 1. HP: 14/14 MP: 1/1
     0 | D:1      | Noticed a tentacled monstrosity
     5 | D:1      | Noticed a tentacled monstrosity
     7 | D:1      | Noticed a shadow dragon
     8 | D:1      | Noticed an iron dragon
     9 | D:1      | Noticed a large abomination
    11 | D:1      | Noticed a red draconian
    13 | D:1      | Noticed a large abomination
    13 | D:1      | Noticed a shadow dragon
    15 | D:1      | Noticed a shadow dragon
    15 | D:1      | Noticed an ice dragon
    15 | D:1      | Noticed an ice dragon
    17 | D:1      | Noticed a shadow dragon
    17 | D:1      | Noticed a large abomination
    17 | D:1      | Noticed an orb of fire
    19 | D:1      | Noticed a white draconian
    19 | D:1      | Noticed a black draconian
   313 | D:1      | Reached XP level 2. HP: 9/19 MP: 2/2
   813 | D:1      | Found Nagiafoi's One-of-a-Kind Rings.
  1098 | D:2      | Noticed a scorpion
  1099 | D:2      | Reached XP level 3. HP: 24/24 MP: 3/3
  1470 | D:2      | Reached XP level 4. HP: 19/29 MP: 4/4
  1819 | D:2      | Killed a scorpion
  1820 | D:2      | Reached XP level 5. HP: 19/33 MP: 5/5
  2188 | D:3      | Found a radiant altar of Vehumet.
  2300 | D:3      | You fall into a shaft and drop 1 floor!
  2307 | D:4      | Found Inawoaw's Distillery.
  2536 | D:4      | Reached skill level 1 in Dodging
  2736 | D:4      | Found a white marble altar of Elyvilon.
  2750 | D:4      | Noticed an ogre
  2813 | D:5      | Entered Level 5 of the Dungeon
  2815 | D:5      | HP: 1/33 [killer bee zombie (5)]
  3126 | D:3      | Found an opulent altar of Gozag.
  3134 | D:3      | Noticed Jessica
  3139 | D:3      | Killed Jessica
  3245 | D:3      | Noticed Pargi
  3273 | D:3      | Reached XP level 6. HP: 31/38 MP: 6/6
  3739 | D:3      | Found a hide-covered altar of Uskayaw.
  3830 | D:3      | Noticed Ijyb
  3849 | D:3      | Identified the +2 leather armour "Ako Rurr" {Contam rN+
                  | Dex+9 Slay+4}
  3908 | D:3      | Killed Ijyb
  4138 | D:3      | Killed Pargi
  4139 | D:3      | Reached skill level 1 in Stealth
  4169 | D:3      | Found an ornate altar of the Wu Jian Council.
  4391 | D:4      | Found Ydolexuz's Serpentskin Sales.
  4391 | D:4      | Noticed a water moccasin
  4391 | D:4      | Noticed a water moccasin
  4399 | D:4      | Killed a water moccasin
  4400 | D:4      | Reached XP level 7. HP: 40/44 MP: 7/7
  4403 | D:4      | Reached skill level 5 in Maces & Flails
  4936 | D:5      | Found a staircase to the Ecumenical Temple.
  4970 | D:5      | Reached skill level 5 in Fighting
  4979 | D:5      | Reached XP level 8. HP: 16/49 MP: 8/8
  5185 | Temple   | Entered the Ecumenical Temple
  5754 | D:5      | Found a broken altar of Ashenzari.
  5759 | D:5      | Saw a vision of the Swamp and the Spider Nest.
  5759 | D:5      | Noticed a goliath frog
  5759 | D:5      | Noticed a wolf spider
  5760 | D:5      | Noticed an alligator
  5760 | D:5      | Noticed a wolf spider
  5762 | D:5      | Noticed a wolf spider
  5762 | D:5      | Noticed a wolf spider
  5773 | D:5      | Found a transporter.
  5800 | D:5      | Found a one-way gate to the infinite horrors of the Abyss.
  5800 | D:5      | Noticed DearestLeader's ghost (amateur DDNe)
  5808 | D:5      | Noticed a small abomination
  6260 | D:5      | Reached skill level 5 in Armour
  6556 | D:5      | Noticed a toenail golem
  6560 | D:5      | Found a transporter.
  7185 | D:6      | Reached XP level 9. HP: 52/55 MP: 9/9
  7258 | D:6      | Noticed Edmund
  7443 | D:6      | Found a glowing drain.
  7447 | Sewer    | Entered a sewer
  8103 | D:4      | HP: 1/55 [yak (6)]
  9766 | D:7      | Reached skill level 5 in Shields
  9785 | D:7      | Found a flagged portal.
  9836 | Bailey   | Entered a bailey
 10687 | Bailey   | Noticed an orc knight
 11121 | Bailey   | Reached skill level 1 in Throwing
 11281 | Bailey   | Reached XP level 10. HP: 55/63 MP: 10/10
 11891 | Bailey   | Killed an orc knight
 12636 | D:7      | Reached skill level 1 in Axes
 14818 | D:8      | Reached skill level 5 in Stealth
 15338 | D:9      | Found a bloodstained altar of Trog.
 15773 | D:9      | Found a staircase to the Orcish Mines.
 15796 | D:9      | Reached XP level 11. HP: 68/68 MP: 11/11
 15797 | D:9      | Reached skill level 5 in Axes
 16546 | D:9      | Found a glowing silver altar of Zin.
 16620 | D:9      | Found a basalt altar of Yredelemnul.
 16623 | D:9      | Found an ancient bone altar of Kikubaaqudgha.
 16626 | D:9      | Found a glowing golden altar of the Shining One.
 16629 | D:9      | Found a burning altar of Makhleb.
 17055 | D:9      | Became a worshipper of the Shining One
 17101 | Orc:1    | Entered Level 1 of the Orcish Mines
 17408 | Orc:1    | Found a runed translucent gate.
 17408 | Orc:1    | Found a runed translucent gate.
 17408 | Orc:1    | Found a runed translucent gate.
 17439 | Orc:1    | Noticed kelmiir's ghost (journeyman DrEE)
 17471 | Orc:1    | Noticed an orc sorcerer
 17471 | Orc:1    | Noticed Harold
 17487 | Orc:1    | Noticed a sixfirhy
 17569 | D:10     | Entered Level 10 of the Dungeon
 17900 | D:10     | Found a sparkling altar of Nemelex Xobeh.
 18145 | D:10     | Reached skill level 1 in Polearms
 19577 | D:6      | Killed Edmund
 19901 | D:11     | Found a staircase to the Lair.
 19966 | D:11     | Noticed a boulder beetle
 19970 | D:11     | Reached * piety under the Shining One
 20154 | D:11     | Noticed a two-headed ogre
 20163 | D:11     | Reached skill level 5 in Dodging
 20165 | D:11     | Noticed a two-headed ogre
 20170 | D:11     | Killed a two-headed ogre
 20181 | D:11     | Killed a two-headed ogre
 20436 | D:11     | Reached skill level 5 in Polearms
 20448 | D:11     | Reached XP level 12. HP: 49/75 MP: 12/12
 21784 | Lair:1   | Entered Level 1 of the Lair of Beasts
 22006 | Lair:1   | Found a frozen archway.
 22021 | IceCv    | Entered an ice cave
 22036 | IceCv    | Reached ** piety under the Shining One
 23266 | IceCv    | Reached skill level 1 in Evocations
 23373 | IceCv    | Noticed a death yak
 23374 | IceCv    | Noticed an ironbound frostheart
 23558 | IceCv    | Noticed an ironbound frostheart
 23564 | IceCv    | HP: 1/76 [ironbound frostheart/creeping frost (10)]
 23918 | IceCv    | Noticed a death yak
 24145 | IceCv    | Killed a death yak
 24436 | IceCv    | Killed an ironbound frostheart
 24440 | IceCv    | Killed a death yak
 24580 | IceCv    | Killed an ironbound frostheart
 24581 | IceCv    | Reached skill level 5 in Throwing
 24581 | IceCv    | Reached XP level 13. HP: 7/81 MP: 13/13
 27796 | D:9      | Killed Harold
 27797 | D:9      | Reached skill level 10 in Fighting
 28496 | Orc:2    | Entered Level 2 of the Orcish Mines
 29521 | Orc:1    | Reached *** piety under the Shining One
 30025 | Orc:2    | Paralysed by an orc sorcerer for 7 turns
 30268 | Orc:2    | Found a staircase to the Elven Halls.
 30461 | Orc:1    | HP: 2/82 [orc knight/+0 war axe (26)]
 31283 | Orc:2    | Reached skill level 10 in Polearms
 31332 | Orc:2    | Paralysed by an orc sorcerer for 6 turns
 32366 | Orc:2    | Found Salak's Jewellery Boutique.
 32366 | Orc:2    | Found Fananeor's Armour Shoppe.
 32374 | Orc:2    | Found Sylelade's Weapon Boutique.
 32374 | Orc:2    | Found Myry's Magic Scroll Shoppe.
 32471 | Elf:1    | Entered Level 1 of the Elven Halls
 32667 | D:12     | Gained mutation: Your large and strong wings let you fly.
                  | [Gargoyle growth]
 32667 | D:12     | Reached XP level 14. HP: 35/88 MP: 14/14
 32675 | D:12     | Reached skill level 10 in Shields
 33015 | D:12     | Noticed Fannar
 33025 | D:12     | Killed Fannar
 33414 | D:12     | Identified the +1 ring mail of the Other Side {rC+}
 33474 | D:12     | Found a flickering gateway to a bazaar.
 33491 | Bazaar   | Entered a bazaar
 33525 | Bazaar   | Found Zeuts's Antique Weapon Emporium.
 33594 | Bazaar   | Found Ozuiclyu's Antique Weapon Emporium.
 33605 | Bazaar   | Found Buiqimn's Antique Weapon Shoppe.
 33627 | Bazaar   | Bought a shimmering mace for 264 gold pieces
 33627 | Bazaar   | Identified the +9 mace of Distraction {vorpal, Str+3} (You
                  | bought it in a shop in a bazaar)
 33649 | Bazaar   | Bought a steaming falchion for 144 gold pieces
 33649 | Bazaar   | Identified the +7 falchion of Muyc {venom, Int+3} (You
                  | bought it in a shop in a bazaar)
 33766 | D:12     | Identified the +11 lajatang "Caruxtewu" {protect, rC+ Str+3
                  | Int+4}
 34368 | D:13     | Noticed Jorgrun
 34368 | D:13     | Reached **** piety under the Shining One
 34382 | D:13     | The Shining One protects you from harm!
 34382 | D:13     | Constricted to death by Jorgrun

Illustrated notes

Levels and vault maps discovered:
D:1:      shiori_arrival_whats_in_store_for_you, layout_loops_ring,
          dk_noncrumbling_3, nicolae_shop_unique_rings, supply_closet_lemuel,
          st_stairs_4, minmay_misc_feat_cross
D:2:      layout_loops_ring
D:3:      layout_loops_ring, nicolae_vehumet_radiance,
          eat_drink_and_be_merry_uskayaw, mainiacjoe_overflow_brackets,
          mainiacjoe_overflow_chevrons, kennysheep_pointless_box, uniq_ijyb,
          uniq_pargi, uniq_jessica
D:4:      layout_loops_ring, nicolae_elyvilon_temple_path, serial_shops, shop,
          guppyfry_shop_venom
D:5:      layout_basic, grunt_ashenzari_visionary
          [grunt_ashenzari_visionary_swamp, grunt_ashenzari_visionary_spider],
          minmay_temple_entry_overgrown, gammafunk_ghost_abyssal_escape,
          minmay_quadrilaterals
D:6:      layout_loops_ring, gup_sewer_entry_bowl, nicolae_water_bricks,
          minmay_crystal_room, chequers_decorated_corner, uniq_edmund
D:7:      layout_loops_ring, enter_bailey_4
D:8:      layout_layer_cave
D:9:      layout_layer_cave, mainiacjoe_overflow_concentric_impassable,
          grunt_temple_overflow_cloverleaf, general_overflow_altar,
          kennysheep_orc_monster_closet_entryway
D:10:     layout_loops_cross, amcnicky_altar_gilded
D:11:     layout_small_grid, lair_entry_dummy, special_room [special_room_orc],
          serial_undead, serial_undead_e, serial_undead_d, serial_undead_c,
          serial_undead_a
D:12:     layout_cave_pods, serial_column_ruins, column_ruins_hut_pillars,
          column_ruins_open_tiny, column_ruins_columns_corner,
          column_ruins_grid_1, column_ruins_open_small, column_ruins_open_tiny,
          serial_shops, bzr_entry_safe, minmay_checkerbox, uniq_fannar
D:13:     layout_loops_ring, hex_tiny, uniq_jorgrun
Temple:   compressed_dpeg_triangle_lava_temple
Lair:1:   layout_small_grid, portal_ice_cave_rime, serial_bayou_shore_a
Orc:1:    nicolae_orc_accident_3, layout_diamond_mine,
          ebering_ghost_rock_garden, mines5_lemuel, uniq_harold
Orc:2:    grunt_orc_tribal_feast, layout_caves, basic_altar,
          nicolae_orc_sculptors_studio
Elf:1:    nicolae_elf_arrival_fired_up, layout_loops_corners, serial_shops,
          nicolae_lakefront_shop, orc_legates, uniq_kirke, uniq_louise

Skill      XL: |  1  2  3  4  5  6  7  8  9 10 11 12 13 14 |
---------------+-------------------------------------------+-----
Armour         | 4 5 6 |  6.9
Maces & Flails | 3 4 6 7 9 |  9.6
Fighting       | 4 5 7 8 9 10 | 10.8
Dodging        | 1 2 3 4 5 6 7 |  7.4
Stealth        | 1 3 4 5 |  5.2
Shields        | 4 5 6 7 9 10 | 10.5
Throwing       | 1 3 5 |  5.8
Axes           | 4 6 |  6.3
Polearms       | 5 8 10 | 10.2
Evocations     | 1 |  1.8
Invocations    | |  0.2

Action                   |  1- 3 |  4- 6 |  7- 9 | 10-12 | 13-15 || total
-------------------------+-------+-------+-------+-------+-------++-------
Melee: Flail             |   138 |   163 |   352 |    23 |       ||   676
       Hand axe          |       |       |       |   298 |       ||   298
       Spear             |       |       |       |   465 |   697 ||  1162
       Mace              |       |       |       |       |    33 ||    33
Throw: Stone             |       |     2 |    68 |    15 |       ||    85
       Dart              |       |       |       |    42 |    59 ||   101
       Boomerang         |       |       |       |    22 |       ||    22
Invok: Divine Shield     |       |       |       |     1 |       ||     1
Evoke: Wand              |       |       |       |    13 |       ||    13
  Use: Scroll            |       |     1 |     4 |    10 |     2 ||    17
 Stab: Sleeping          |       |       |     9 |     2 |       ||    11
       Distracted        |       |       |     1 |       |       ||     1
Armor: Scale mail        |   104 |    60 |       |       |       ||   164
       Leather armour    |       |    32 |   110 |   190 |   144 ||   476
Dodge: Dodged            |    85 |    79 |   176 |   492 |   290 ||  1122
Block: Buckler           |    30 |    33 |    80 |   181 |       ||   324
       Tower shield      |       |       |       |    62 |   551 ||   613
